 Dungeon Sprint DCSS version 0.28-a0-1190-g77e1c55843 (webtiles) character file.

Game seed: 9246338420712440254

8378 Conn the Scorcher (level 11, -1/65 HPs)
             Began as an Octopode Fire Elementalist on Dec 18, 2021.
             Was the Champion of Sif Muna.
             Slain by a 12-headed hydra (17 damage)
             ... in the Dungeon (Sprint I: "Red Sonja").
             The game lasted 00:25:47 (3393 turns).

Conn the Scorcher (Octopode Fire Elementalist)      Turns: 3393, Time: 00:25:49

Health: -1/65      AC:  1    Str:  9    XL:     11   Next: 29%
Magic:  19/28      EV: 16    Int: 23    God:    Sif Muna [******]
Gold:   210        SH:  5    Dex: 12    Spells: 2/37 levels left

rFire   + + .      SeeInvis +   h - +2 short sword (distort)
rCold   . . .      Faith    .   (no shield)
rNeg    . . .      Spirit   .   (helmet restricted)
rPois   .          Reflect  +   q - amulet of reflection
rElec   +          Harm     .   j - ring of see invisible
rCorr   +          Rampage  .   o - ring of Abbu {rElec Will+ rCorr Int+2}
Will    +....      NoTele   +   p - ring "Xiul" {Wiz rF++}
Stlth   ++++......              (no ring)
HPRegen 0.20/turn               (no ring)
MPRegen 0.21/turn               (no ring)
                                (no ring)
                                (no ring)

@: on blink cooldown
A: almost no armour, amphibious, 8 rings, camouflage 1, gelatinous body 1,
(nimble swimmer 1), tentacles
a: Renounce Religion, Channel Magic, Forget Spell, Divine Exegesis


You were in the Dungeon.
You worshipped Sif Muna.
Sif Muna was exalted by your worship.
You visited 1 branch You collected 1603 gold pieces.
You spent 1393 gold pieces at shops.

Inventory:

Hand Weapons
 h - a +2 short sword of distortion (weapon)
Missiles
 i - 3 curare-tipped darts
 l - 3 datura-tipped darts
 n - 4 atropa-tipped darts (quivered)
Jewellery
 j - a ring of see invisible (left tentacle)
 o - the ring of Abbu (right tentacle) {rElec Will+ rCorr Int+2}
   (You bought it in a shop in the Dungeon)

   [ring of willpower]

   Int:       It affects your intelligence (+2).
   rElec:     It insulates you from electricity.
   rCorr:     It protects you from acid and corrosion.
   Will:      It increases your willpower.
 p - the ring "Xiul" (on tentacle) {Wiz rF++}
   (You bought it in a shop in the Dungeon)

   [ring of wizardry]

   It improves your spell success rate.
   rF:        It greatly protects you from fire.
 q - an amulet of reflection (around mantle)
Wands
 e - a wand of flame (20)
 m - a wand of mindburst (10)
Scrolls
 f - a scroll of blinking
 g - a scroll of immolation
 k - 2 scrolls of identify
Potions
 a - 3 potions of curing
 b - 2 potions of heal wounds
 c - a potion of haste
 d - 2 potions of magic


   Skills:
 + Level 2.4 Fighting
 + Level 3.1 Throwing
 + Level 8.3 Dodging
 + Level 7.3 Stealth
 * Level 3.4 Shields
 + Level 13.5 Spellcasting
 + Level 7.7 Conjurations
 + Level 5.7 Hexes
 + Level 2.3 Translocations
 + Level 16.3 Fire Magic
 * Level 3.3 Air Magic
 + Level 7.3 Invocations
 + Level 1.4 Evocations


You had 2 spell levels left.
You knew the following spells:

 Your Spells              Type           Power      Damage    Failure   Level
a - Foxfire               Conj/Fire      100%       2x1d9     1%          1
b - Conjure Flame         Conj/Fire      63%        6-21      1%          3
c - Inner Flame           Hex/Fire       60%        N/A       1%          3
d - Flame Wave            Conj/Fire      63%        2d10      1%          4
e - Scorch                Fire           100%       2d10      0%          2
f - Blink                 Tloc           52%        N/A       1%          2
g - Disjunction           Tloc           13%        N/A       100%        8
h - Stone Arrow           Conj/Erth      66%        3d11      1%          3
i - Conjure Ball Lightni  Conj/Air       20%        3x3d6     24%         6
j - Summon Guardian Gole  Hex/Summ       28%        N/A       1%          3

Your spell library contained the following spells:

 Spells                   Type           Power      Damage    Failure   Level
 Apportation              Tloc           52%        N/A       1%          1
 Beastly Appendage        Tmut           30%        N/A       1%          1
 Magic Dart               Conj           100%       1d8       1%          1
 Wereblood                Tmut           15%        N/A       2%          2
 Ignite Poison            Fire/Tmut/Pois 40%        N/A       1%          3
 Cause Fear               Hex            21%        N/A       1%          4
 Iskenderun's Battlesphe  Conj           50%        2d10      1%          5
 Spider Form              Tmut/Pois      15%        N/A       4%          3
 Leda's Liquefaction      Hex/Erth       14%        N/A       4%          4
 Metabolic Englaciation   Hex/Ice        14%        N/A       13%         5


Dungeon Overview and Level Annotations

Branches:
Dungeon (1/1)

Altars:
Cheibriados
Dithmenos
Elyvilon
Fedhas
Gozag
Hepliaklqana
Kikubaaqudgha
Makhleb
Nemelex Xobeh
Okawaru
Qazlal
Ru
Sif Muna
Trog
Uskayaw
Vehumet
Wu Jian
Xom
Yredelemnul
Zin
The Shining One
Jiyva
Lugonu

Shops:
D [:(::!(**?!(*[:[=


Innate Abilities, Weirdness & Mutations

You cannot wear most types of armour.
You are amphibious.
You can wear up to eight rings at the same time.
Your skin changes colour to match your surroundings (Stealth+).
Your rubbery body absorbs attacks. (AC +1, EV +1)
((You are camouflaged near water. (Stealth+)))
You have tentacles for arms and can constrict up to eight enemies at once.


Message History

The floating eye's fire resistance burns away.
The floating eye gazes piercingly through you!
You suddenly lose the ability to move!
The 12-headed hydra bites your guardian golem but does no damage.
The 12-headed hydra bites your guardian golem!
The 12-headed hydra bites your guardian golem but does no damage.
The 12-headed hydra bites your guardian golem. x3
The 12-headed hydra bites your guardian golem but does no damage.
The 12-headed hydra bites your guardian golem!
The 12-headed hydra bites your guardian golem.
The 12-headed hydra bites your guardian golem! x2
Your guardian golem is destroyed!
Your guardian golem disappears in a puff of smoke!
The floating eye's stare focuses on you.
You can move again.
Unknown command.
Casting: Scorch (safe; 0% risk of failure)
Confirm with . or Enter, or press ? or * to list all spells.
Casting: Flame Wave (safe; 1% risk of failure)
Press: ? - help, Dir - look around, f - activate A wave of flame ripples out!
The flame wave engulfs the floating eye!!
The floating eye is burned terribly!
You kill the floating eye!
Sif Muna accepts your kill. (Press . to intensify the flame waves.)
You see here a hog skeleton.
Casting: Flame Wave (safe; 1% risk of failure)
Confirm with . or Enter, or press ? or * to list all spells.
You blink.
The 12-headed hydra completely misses you.
The 12-headed hydra barely misses you. The 12-headed hydra bites you!
The 12-headed hydra bites you but does no damage.
The 12-headed hydra bites you! The 12-headed hydra bites you.
The 12-headed hydra bites you! The 12-headed hydra bites you.
* * * LOW HITPOINT WARNING * * *
The 12-headed hydra bites you.
* * * LOW HITPOINT WARNING * * *
The 12-headed hydra bites you!
You die...

#######################
+)..#()#.§..'§§D.§§'.$#
#...##'#§####§§.@§##$.+
#...'..#§# ##§§§## ##
#####.§§§# ###+#
#..##+#### '§§# #§§#
##§### ##.'.# .###.#


You could see a 12-headed hydra.

Vanquished Creatures
  2 centaur warriors (D)
  Sonja (D)
  A deep troll (D)
  A lindwurm (D)
  An oklob plant (D)
  2 unseen horrors (D)
  2 kobold demonologists (D)
  A hornet (D)
  A slime creature (D)
  Sigmund (D)
  2 redbacks (D)
  A yak (D)
  13 hogs (D)
  3 floating eyes (D)
  7 necrophages (D)
  An ogre (D)
  8 jellies (D)
  Ijyb (D)
  2 ballistomycete spores (D)
51 creatures vanquished.

Vanquished Creatures (collateral kills)
  A demonic crawler (D)
1 creature vanquished.

Vanquished Creatures (others)
  A demonic crawler (D)
  67 foxfires (D)
68 creatures vanquished.

Grand Total: 120 creatures vanquished

Notes
Turn   | Place    | Note
-------+----------+-------------------------------------------
     0 | D        | Conn the Octopode Fire Elementalist began the quest for the
                  | Orb.
     0 | D        | Reached XP level 1. HP: 11/11 MP: 3/3
     1 | D        | Noticed Ijyb
     7 | D        | Killed Ijyb
     8 | D        | Reached skill level 5 in Fire Magic
     8 | D        | Reached XP level 2. HP: 2/17 MP: 3/6
     8 | D        | Reached XP level 3. HP: 2/21 MP: 3/7
   284 | D        | Learned a level 3 spell: Conjure Flame
   288 | D        | Learned a level 3 spell: Inner Flame
   288 | D        | Noticed an ogre
   296 | D        | Killed an ogre
   297 | D        | Reached skill level 7 in Fire Magic
   297 | D        | Reached XP level 4. HP: 27/27 MP: 2/10
   378 | D        | Learned a level 4 spell: Flame Wave
   378 | D        | Noticed Sigmund
   385 | D        | Killed Sigmund
   386 | D        | Reached skill level 5 in Stealth
   386 | D        | Reached skill level 5 in Spellcasting
   386 | D        | Reached skill level 1 in Hexes
   386 | D        | Reached skill level 9 in Fire Magic
   386 | D        | Reached XP level 5. HP: 24/31 MP: 2/13
   386 | D        | Reached XP level 6. HP: 27/36 MP: 2/14
   480 | D        | Found an ornate altar of the Wu Jian Council.
   480 | D        | Found a shimmering blue altar of Sif Muna.
   482 | D        | Found a radiant altar of Vehumet.
   489 | D        | Reached skill level 5 in Dodging
   493 | D        | Became a worshipper of Sif Muna the Loreminder
   520 | D        | Learned a level 2 spell: Scorch
   520 | D        | Found Wymynorch's Book Emporium.
   520 | D        | Found an ancient bone altar of Kikubaaqudgha.
   520 | D        | Found a hazy altar of Hepliaklqana.
   520 | D        | Found a stormy altar of Qazlal.
   520 | D        | Found a hide-covered altar of Uskayaw.
   520 | D        | Found a blossoming altar of Fedhas.
   520 | D        | Found a bloodstained altar of Trog.
   520 | D        | Found an iron altar of Okawaru.
   520 | D        | Found a basalt altar of Yredelemnul.
   520 | D        | Found a glowing golden altar of the Shining One.
   520 | D        | Found a snail-covered altar of Cheibriados.
   520 | D        | Found a sacrificial altar of Ru.
   520 | D        | Found a glowing silver altar of Zin.
   520 | D        | Found a shadowy altar of Dithmenos.
   520 | D        | Found a white marble altar of Elyvilon.
   520 | D        | Noticed a yak
   526 | D        | Killed a yak
   527 | D        | Reached skill level 10 in Fire Magic
   527 | D        | Reached XP level 7. HP: 39/41 MP: 1/17
   527 | D        | Found an opulent altar of Gozag.
   528 | D        | Found a sparkling altar of Nemelex Xobeh.
   644 | D        | Noticed Sonja
   657 | D        | Killed Sonja
   658 | D        | Reached skill level 12 in Fire Magic
   658 | D        | Reached XP level 8. HP: 46/46 MP: 6/20
   783 | D        | Found Adaqeuro's Armour Boutique.
   827 | D        | Noticed a deep troll
   842 | D        | Killed a deep troll
   842 | D        | Reached * piety under Sif Muna
   843 | D        | Reached skill level 5 in Invocations
   885 | D        | Found Itwehiar's Armour Emporium.
   921 | D        | Found a burning altar of Makhleb.
   921 | D        | Found a viscous altar of Jiyva.
   921 | D        | Found a shimmering altar of Xom.
   921 | D        | Found a corrupted altar of Lugonu.
   921 | D        | Noticed a slime creature
   936 | D        | Killed a slime creature
   937 | D        | Reached skill level 13 in Fire Magic
   937 | D        | Reached XP level 9. HP: 51/51 MP: 10/22
  1024 | D        | Noticed a kobold demonologist
  1028 | D        | Noticed a kobold demonologist
  1029 | D        | Killed a kobold demonologist
  1029 | D        | Reached ** piety under Sif Muna
  1033 | D        | Killed a kobold demonologist
  1112 | D        | Noticed a centaur warrior
  1116 | D        | Noticed a centaur warrior
  1120 | D        | Killed a centaur warrior
  1121 | D        | Reached skill level 10 in Spellcasting
  1121 | D        | Reached skill level 5 in Conjurations
  1121 | D        | Reached skill level 14 in Fire Magic
  1122 | D        | Killed a centaur warrior
  1122 | D        | Reached *** piety under Sif Muna
  1123 | D        | Reached skill level 5 in Hexes
  1123 | D        | Reached XP level 10. HP: 38/56 MP: 17/25
  1248 | D        | Reached skill level 1 in Throwing
  1528 | D        | Noticed an oklob plant
  1804 | D        | Killed an oklob plant
  1896 | D        | Reached skill level 15 in Fire Magic
  1903 | D        | Reached **** piety under Sif Muna
  1927 | D        | Noticed an unseen horror
  1927 | D        | Noticed an unseen horror
  1950 | D        | Killed an unseen horror
  2144 | D        | Killed an unseen horror
  2197 | D        | Reached ***** piety under Sif Muna
  2199 | D        | Reached skill level 1 in Fighting
  2200 | D        | Received a gift from Sif Muna
  2205 | D        | Reached skill level 1 in Evocations
  2212 | D        | Got Sif Muna's Volume of Mutagenic Translocation {god gift}
  2240 | D        | Found Hotwaol's Book Shoppe.
  2240 | D        | Found Beitwe's Weapon Shop.
  2240 | D        | Found Medoam's Book Boutique.
  2242 | D        | Found Xyipp's Distillery.
  2242 | D        | Found Rienuuwk's Weapon Shop.
  2242 | D        | Found Hyasacri's Assorted Antiques.
  2242 | D        | Found Asekkusy's General Store.
  2242 | D        | Found Pionu's Magic Scroll Emporium.
  2242 | D        | Found Ymetewno's Distillery.
  2242 | D        | Found Nasyel's Weapon Shoppe.
  2250 | D        | Learned a level 2 spell: Blink
  2259 | D        | Learned a level 8 spell: Disjunction
  2259 | D        | Found Iviocke's General Store.
  2262 | D        | Found Bielyguink's Book Emporium.
  2262 | D        | Found Ronem's Armour Boutique.
  2263 | D        | Found Jesunn's Jewellery Emporium.
  2272 | D        | Bought the ring of Abbu {rElec Will+ rCorr Int+2} for 488
                  | gold pieces
  2272 | D        | Bought the ring "Xiul" {Wiz rF++} for 545 gold pieces
  2272 | D        | Bought an amulet of reflection for 300 gold pieces
  2291 | D        | Bought a potion of heal wounds for 60 gold pieces
  2368 | D        | Reached skill level 1 in Translocations
  2841 | D        | Noticed a lindwurm
  2952 | D        | Killed a lindwurm
  2952 | D        | Received a gift from Sif Muna
  2953 | D        | Reached skill level 16 in Fire Magic
  2953 | D        | Reached XP level 11. HP: 33/64 MP: 15/28
  2953 | D        | Got Sif Muna's Collected Works on Mutagenic Attacks {god
                  | gift}
  2958 | D        | Learned a level 3 spell: Stone Arrow
  2965 | D        | Learned a level 6 spell: Conjure Ball Lightning
  3121 | D        | Reached skill level 1 in Shields
  3122 | D        | Reached skill level 1 in Air Magic
  3127 | D        | Reached ****** piety under Sif Muna
  3128 | D        | Received a gift from Sif Muna
  3143 | D        | Got Wohirea's Catalogue of Mutagenic Beguiling {god gift}
  3148 | D        | Learned a level 3 spell: Summon Guardian Golem
  3379 | D        | Noticed a 12-headed hydra
  3387 | D        | Paralysed by a floating eye for 4 turns
  3393 | D        | Slain by a 12-headed hydra

Illustrated notes

Levels and vault maps discovered:
D:        dungeon_sprint_1 [red_sonja_temple_1, red_sonja_temple_small_1]

Skill      XL: |  1  2  3  4  5  6  7  8  9 10 11 |
---------------+----------------------------------+-----
Stealth        | 3 4 5 6 7 |  7.3
Spellcasting   | 3 4 5 6 8 9 11 13 | 13.5
Fire Magic     | 5 7 9 10 12 13 14 16 | 16.3
Dodging        | 4 5 6 7 8 |  8.3
Hexes          | 1 2 3 5 |  5.7
Conjurations   | 2 3 4 6 7 |  7.7
Invocations    | 4 6 7 |  7.3
Throwing       | 1 3 |  3.1
Fighting       | 1 2 |  2.4
Evocations     | 1 |  1.4
Translocations | 2 |  2.3
Shields        | 3 |  3.4
Air Magic      | 3 |  3.3

Action                   |  1- 3 |  4- 6 |  7- 9 | 10-12 || total
-------------------------+-------+-------+-------+-------++-------
Melee: Unarmed           |     4 |       |       |       ||     4
       Constrict         |     1 |       |       |     1 ||     2
       Tentacles         |     1 |       |       |     1 ||     2
       Short sword       |       |       |       |     5 ||     5
Throw: Dart              |       |       |     2 |    13 ||    15
 Cast: Foxfire           |     3 |     2 |    24 |    16 ||    45
       Inner Flame       |     1 |     2 |     7 |     7 ||    17
       Scorch            |       |     3 |       |    19 ||    22
       Flame Wave        |       |     2 |       |    13 ||    15
       Conjure Flame     |       |       |     1 |     2 ||     3
       Blink             |       |       |       |     4 ||     4
       Stone Arrow       |       |       |       |     1 ||     1
       Summon Guardian G |       |       |       |     1 ||     1
Evoke: Wand              |       |       |       |     3 ||     3
  Use: Potion            |     1 |       |       |     2 ||     3
       Scroll            |       |       |       |     1 ||     1
Armor: Skin              |       |     1 |       |     5 ||     6
Dodge: Dodged            |     1 |     6 |     4 |    54 ||    65
Block: Other             |       |       |       |    11 ||    11

Table legend: (Time is in decaauts)
 A = Elapsed time spent in this place.
 B = Non-inter-level travel time spent in this place.
 C = Inter-level travel time spent in this place.
 D = Time resting spent in this place.
 E = Time spent auto-exploring this place.
 F = Levels seen in this place.
 G = Mean time per level.
                   A        B        C        D        E       F      G
               +--------+--------+--------+--------+--------+-----+--------+
         Total |   3389 |   3389 |      0 |   2412 |      0 |   1 | 3389.0 |
       Dungeon |   3389 |   3389 |      0 |   2412 |      0 |   1 | 3389.0 |
               +--------+--------+--------+--------+--------+-----+--------+

Top non-repeatable levels by time:
       D: 3389 daAuts
